 Dungeon Crawl Stone Soup version 0.31-a0-319-g4fced400ed (webtiles) character file.

Game seed: 1729553839332454712

236 zero the Ruffian (level 5, 0/48 HPs)
             Began as a Troll Shapeshifter on July 18, 2023.
             Was an Initiate of Cheibriados.
             Slain by Grinder (4 damage)
             ... while paralysed by Grinder
             ... in the Ecumenical Temple.
             The game lasted 00:03:36 (2532 turns).

zero the Ruffian (Troll Shapeshifter)               Turns: 2532, Time: 00:03:37

Health: 0/48       AC:  4    Str: 26    XL:     5   Next: 77%
Magic:  5/5        EV:  1    Int:  5    God:    Cheibriados [......]
Gold:   103        SH:  0    Dex: 11    Spells: 5/5 levels left

rFire   . .          .
                       - Unarmed
rCold   . . .        (no shield)
rNeg    . . .        a - +0 animal skin
rPois   .            (helmet currently unavailable)
rElec   .            s - melded +0 cloak
rCorr   .            (gloves unavailable)
SInv    .            (boots unavailable)
Will    .....        (no amulet)
Stlth   +            i - ring of wizardry
HPRegen 1.08/turn    (no ring)
MPRegen 0.09/turn

%: wizardry (x1)
@: paralysed, beast-form, slow
A: beast (slay +2), large, unfitting armour, claws 3, regeneration 1, shaggy fur
1, tough skin 1
a: Begin Untransformation, Renounce Religion


You were in the Ecumenical Temple.
You worshipped Cheibriados.
Cheibriados was noncommittal.
You were a hulking beast.
You visited 2 branches of the dungeon, and saw 5 of its levels.

You collected 103 gold pieces.

Inventory:

Armour
 a - a +0 animal skin (worn)
 s - a +0 cloak (melded)
Jewellery
 i - a ring of wizardry (left claw)
Talismans
 c - a beast talisman
Scrolls
 f - 5 scrolls of identify {unknown}
 g - a scroll of noise {unknown}
 l - a scroll of vulnerability {unknown}
 m - 2 scrolls of teleportation {unknown}
 n - 2 scrolls of immolation {unknown}
 o - 2 scrolls of poison {unknown}
 r - a scroll of blinking {unknown}
 t - a scroll of torment {unknown}
Potions
 b - a potion of lignification
 d - 3 potions of enlightenment {unknown}
 e - 2 potions of degeneration {unknown}
 h - a potion of might {unknown}
 j - a potion of magic {unknown}
 k - a potion of curing {unknown}
 p - a potion of berserk rage {unknown}
 q - a potion of resistance {unknown}


   Skills:
 - Level 1.5 Fighting
 - Level 1.5 Dodging
 + Level 5.4 Unarmed Combat
 + Level 0.9 Spellcasting
 + Level 3.4 Shapeshifting


You had 5 spell levels left.
You didn't know any spells.
Your spell library contained the following spells:

 Spells                   Type           Power      Damage    Failure   Level
 Sandblast                Erth           0%         2d4       21%         1
 Slow                     Hex            0%         N/A       21%         1
 Passwall                 Tmut/Erth      0%         N/A       28%         2
 Call Canine Familiar     Summ           0%         N/A       50%         3
 Confusing Touch          Hex            0%         N/A       50%         3
 Portal Projectile        Hex/Tloc       0%         N/A       50%         3
 Stone Arrow              Conj/Erth      0%         3d7       50%         3
 Vampiric Draining        Necr           0%         2d6       50%         3
 Leda's Liquefaction      Hex/Erth       0%         N/A       86%         4


Dungeon Overview and Level Annotations

Branches:
Dungeon (4/15)             Temple (1/1) D:4

Altars:
Cheibriados
Dithmenos
Elyvilon
Fedhas
Gozag
Hepliaklqana
Kikubaaqudgha
Makhleb
Okawaru
Qazlal
Ru
Trog
Uskayaw
Vehumet
Wu Jian
Xom
Zin
The Shining One

Annotations:
Temple Grinder


Innate Abilities, Weirdness & Mutations

You are a hulking beast.
Your limbs bulge with bestial killing power. (Slay +2)
You are too large for most types of armour.
You have claws for hands.
Your natural rate of healing is unusually fast.
You are covered in fur. (AC +1)
You have tough skin. (AC +1)


Message History

Grinder hits you.
You writhe in agony.
You are too injured to fight recklessly!
You are too injured to fight recklessly!
You are too injured to fight recklessly!
You are too injured to fight recklessly!
You are too injured to fight recklessly!
You are too injured to fight recklessly!
You are too injured to fight recklessly!
You are too injured to fight recklessly!
You are too injured to fight recklessly!
You are too injured to fight recklessly!
You are too injured to fight recklessly!
You are too injured to fight recklessly!
You are too injured to fight recklessly!
You are too injured to fight recklessly!
You are too injured to fight recklessly!
You are too injured to fight recklessly!
You are too injured to fight recklessly!
You are too injured to fight recklessly!
You are too injured to fight recklessly!
You claw Grinder!
Grinder is almost dead.
Grinder hits you.
You writhe in agony.
You closely miss Grinder.
Grinder is almost dead.
Grinder grins, showing sharp teeth.
Grinder gestures at you.
You suddenly lose the ability to move!
Grinder hits you.
You writhe in agony.
Grinder gestures at you.
You shrug off the repeated paralysis!
Grinder hits you.
* * * LOW HITPOINT WARNING * * *
You writhe in agony.
* * * LOW HITPOINT WARNING * * *
Grinder hits you but does no damage. Grinder hits you!
* * * LOW HITPOINT WARNING * * *
You writhe in agony.
You die...

#########
##._._._.##
##_......._##
##....≈.≈....##
#_...≈...≈..._#
#...≈.≈.≈.≈...#
#_.≈.≈5).≈.≈._#
#......h......#
#_.≈.≈...≈.≈._#
#...≈.≈.≈.≈...#
#_...≈...≈..._#
##....≈.≈....##
##_......._##
##._._._.##
#########


You could see Grinder.

Vanquished Creatures
  A hound (Temple)
  2 orc priests (D:3)
  An orc wizard (D:3)
  4 adders
  A white imp (D:3)
  A worm (D:3)
  A dart slug (D:2)
  An orc (D:3)
  4 endoplasms
  4 giant cockroaches
  10 goblins
  3 hobgoblins
  4 jackals (D:3)
  10 kobolds
  2 quokkas (D:2)
  7 ball pythons
  7 bats
  3 frilled lizards
  7 rats
73 creatures vanquished.

Notes
Turn   | Place    | Note
-------+----------+-------------------------------------------
     0 | D:1      | zero the Troll Shapeshifter began the quest for the Orb.
     0 | D:1      | Reached XP level 1. HP: 19/19 MP: 0/0
   253 | D:1      | Reached XP level 2. HP: 27/27 MP: 1/1
   272 | D:1      | Reached skill level 3 in Unarmed Combat
   381 | D:1      | Noticed a golden eye
   383 | D:1      | Found a faded altar of an unknown god.
   385 | D:1      | Noticed a floating eye
   385 | D:1      | Noticed a shining eye
   385 | D:1      | Noticed a golden eye
   723 | D:2      | Reached XP level 3. HP: 33/33 MP: 2/2
   874 | D:2      | You fall into a shaft and drop 2 floors!
   929 | D:3      | Reached skill level 4 in Unarmed Combat
  1087 | D:2      | Reached XP level 4. HP: 30/41 MP: 3/3
  2132 | D:3      | Reached skill level 5 in Unarmed Combat
  2132 | D:3      | Reached XP level 5. HP: 43/48 MP: 4/4
  2427 | D:4      | Found a staircase to the Ecumenical Temple.
  2434 | D:4      | Noticed Grinder
  2437 | D:4      | Paralysed by Grinder for 3 turns
  2454 | Temple   | Entered the Ecumenical Temple
  2475 | Temple   | Became a worshipper of Cheibriados the Contemplative
  2527 | Temple   | Paralysed by Grinder for 5 turns
  2532 | Temple   | Slain by Grinder

Illustrated notes

Levels and vault maps discovered:
D:1:      dpeg_arrival_castle, layout_loops_ring,
          hellmonk_ecumenical_altar_watching_god, minmay_vboxes
D:2:      layout_loops_ring
D:3:      minmay_recursive_quarters, layout_loops_corners
D:4:      layout_rooms, minmay_temple_entry_arrows, st_stairs_1,
          grunt_ministairs_7, uniq_grinder
Temple:   nicolae_temple_no_exploring_needed

Skill      XL: |  1  2  3  4 |
---------------+-------------+-----
Unarmed Combat | 3 4 5 |  5.4
Fighting       | |  1.5
Dodging        | |  1.5
Spellcasting   | |  0.9
Shapeshifting  | |  3.4

Action                     |  1- 3 |  4- 6 || total
---------------------------+-------+-------++-------
  Melee: Unarmed           |    76 |    93 ||   169
         Punch             |       |     3 ||     3
Ability: Begin Untransform |       |     1 ||     1
    Use: Potion            |       |     1 ||     1
 Armour: Animal skin       |    26 |    16 ||    42
         Skin              |       |    18 ||    18
  Dodge: Dodged            |    24 |    35 ||    59
   Form: Beast             |       |     1 ||     1

Table legend: (Time is in decaauts)
 A = Elapsed time spent in this place.
 B = Non-inter-level travel time spent in this place.
 C = Inter-level travel time spent in this place.
 D = Time resting spent in this place.
 E = Time spent auto-exploring this place.
 F = Levels seen in this place.
 G = Mean time per level.
                   A        B        C        D        E       F      G
               +--------+--------+--------+--------+--------+-----+--------+
         Total |   2520 |   2363 |    157 |      3 |   1934 |   5 |  504.0 |
       Dungeon |   2449 |   2301 |    148 |      0 |   1934 |   4 |  612.2 |
        Temple |     71 |     63 |      8 |      3 |      0 |   1 |   71.0 |
               +--------+--------+--------+--------+--------+-----+--------+

Top non-repeatable levels by time:
     D:3: 1051 daAuts
     D:1: 696 daAuts
     D:2: 650 daAuts
  Temple: 71 daAuts
     D:4: 50 daAuts
